AoeStats
← JonnyJellyfish

Arena

508499818Analyzed
3v3 RM · 11d ago on Sep 22, 2026· 49m 8s· 6 players
Game mode
Random Map
Map size
Normal (6 player)
Population
200
Speed
Normal
Resources
Standard
Victory
Conquest
Starting age
Dark Age
Ending age
Imperial Age
RankedLock teamsTeams togetherTeam positionsShared explorationLock speedFull tech treeHidden civsTurbo modeCheats
Victory
Defeat
🇹🇷 Random · Türkiye
1457
+10
🇹🇷 Byzantines · Türkiye
1359
+14
🇹🇷 Random · Türkiye
1271
+19
🇬🇧 Lithuanians · United Kingdom
1350
-15
🇬🇧 Japanese · United Kingdom
1336
-15
🇬🇧 Random · United Kingdom
1284
-13
JonnyJellyfish
10:13 Feudal Age
10:47 Feudal Age
14:35 Castle Age
14:04 Double-Bit Axe
14:00 Horse Collar
17:13 Wheelbarrow
20:56 Loom
21:37 Bow Saw
24:24 Heavy Plow
24:46 Hand Cart
29:01 Imperial Age
26:34 Gold Mining
28:15 Gold Shaft Mining
28:07 Scale Mail Armor
29:07 Squires
28:52 Arson
29:30 Town Watch
30:10 Conscription
29:12 Elite Samurai
29:19 Capped Ram
32:05 Chain Mail Armor
33:17 Hoardings
33:20 Plate Mail Armor
33:01 Forging
34:04 Kataparuto
35:04 Iron Casting
35:31 Stone Mining
36:52 Blast Furnace
35:44 Fletching
37:03 Siege Engineers
37:08 Masonry
38:03 Chemistry
40:54 Two-Man Saw
41:05 Bodkin Arrow
42:04 Ballistics
43:26 Elite Skirmisher
44:18 Padded Archer Armor
44:52 Bracer
48:02 Leather Archer Armor
LandRoverDave
11:04 Feudal Age
15:03 Castle Age
13:00 Double-Bit Axe
23:30 Wheelbarrow
24:19 Gold Mining
26:07 Bow Saw
30:31 Imperial Age
28:17 Hand Cart
27:48 Town Watch
28:15 Scale Mail Armor
28:25 Forging
29:30 Gold Shaft Mining
30:05 Chain Mail Armor
30:29 Iron Casting
30:23 Loom
30:46 Squires
31:48 Plate Mail Armor
30:52 Shield Wall
31:52 Conscription
32:02 Elite Varangian Guard
32:36 Fletching
32:49 Horse Collar
35:18 Arson
36:59 Chemistry
39:47 Ballistics
42:40 Heavy Mounted Crossbowman
42:41 Cranequins
43:38 Padded Archer Armor
44:00 Thumb Ring
44:20 Bodkin Arrow
44:53 Leather Archer Armor
48:26 Pikeman
figlesquidge
10:36 Feudal Age
12:43 Double-Bit Axe
15:21 Castle Age
13:09 Horse Collar
16:51 Bow Saw
19:09 Loom
26:27 Fletching
29:04 Husbandry
29:15 Scale Barding Armor
31:12 Bodkin Arrow
37:00 Heavy Plow
42:08 Imperial Age
40:42 Wheelbarrow
39:53 Town Watch
40:45 Bloodlines
40:40 Hill Forts
41:38 Fortified Wall
41:52 Masonry
42:35 Chain Barding Armor
42:07 Town Watch
42:38 Forging
43:02 Cavalier
44:52 Plate Barding Armor
44:52 Iron Casting
Sebastian von Rumelien
10:17 Feudal Age
14:03 Castle Age
14:43 Double-Bit Axe
16:10 Loom
18:57 Bow Saw
20:13 Horse Collar
21:38 Wheelbarrow
23:04 Hand Cart
26:54 Imperial Age
25:40 Forging
25:30 Scale Mail Armor
25:28 Stone Mining
26:04 Squires
27:32 Iron Casting
27:16 Chain Mail Armor
27:18 Heavy Plow
27:02 Pikeman
28:11 Gold Mining
28:11 Arson
30:00 Two-Man Saw
29:32 Crop Rotation
29:31 Conscription
30:06 Plate Mail Armor
30:08 Fletching
30:18 Elite Varangian Guard
32:25 Gold Shaft Mining
31:49 Bodkin Arrow
34:45 Logistica
37:10 Chemistry
37:16 Padded Archer Armor
37:17 Bracer
39:15 Hoardings
40:53 Fortified Wall
40:49 Murder Holes
43:10 Thumb Ring
45:07 Scale Barding Armor
46:43 Chain Barding Armor
45:44 Elite Cataphract
47:15 Husbandry
48:11 Plate Barding Armor
49:32 Leather Archer Armor
JoyStick
10:06 Feudal Age
14:28 Castle Age
12:49 Stone Mining
13:29 Double-Bit Axe
13:59 Horse Collar
14:25 Loom
21:29 Fletching
23:42 Forging
23:32 Scale Mail Armor
23:27 Arson
28:30 Chain Mail Armor
28:45 Bow Saw
28:36 Heavy Plow
29:37 Iron Casting
29:53 Hamask
30:50 Gold Mining
33:36 Wheelbarrow
32:46 Town Watch
33:18 Squires
34:48 Hand Cart
39:43 Coinage
39:54 Ballistics
39:45 Masonry
43:12 Imperial Age
42:21 Gold Shaft Mining
42:22 Stone Shaft Mining
42:30 Bodkin Arrow
43:13 Elite Varangian Guard
44:54 Blast Furnace
44:25 Plate Mail Armor
44:56 Chemistry
45:09 Conscription
45:14 Northmen's Fury
Ulu_get
10:01 Feudal Age
14:40 Castle Age
12:56 Horse Collar
13:03 Double-Bit Axe
13:25 Horse Collar
16:18 Bow Saw
21:52 Wheelbarrow
24:06 Heavy Plow
23:57 Gold Mining
24:37 Stone Mining
28:23 Imperial Age
26:55 Stone Shaft Mining
27:05 Scale Barding Armor
27:11 Forging
27:34 Hand Cart
27:05 Loom
27:05 Town Watch
28:42 Chain Barding Armor
28:08 Treadmill Crane
28:52 Ballistics
28:54 Town Patrol
29:42 Iron Casting
30:39 Plate Barding Armor
30:38 Crop Rotation
31:10 Two-Man Saw
31:17 Chemistry
30:42 Conscription
29:43 Elite Jarl
29:45 Vendel Legacy
31:58 Blast Furnace
32:03 Fletching
32:15 Murder Holes
32:53 Caravan
32:44 Treadmill Crane
34:46 Bodkin Arrow
34:51 Padded Archer Armor
35:46 Masonry
35:47 Fortified Wall
37:42 Bracer
37:57 Leather Archer Armor
37:43 Scale Mail Armor
39:01 Bloodlines
38:51 Husbandry
42:51 Gothikon
48:12 Ring Archer Armor
Connection lost

Rejoining the realm…

Still unreachable

The connection could not be restored.

Session expired

The server has moved on; the page needs a fresh start.